 Dungeon Crawl Stone Soup version 0.22.0-49-gab54619674 (webtiles) character file.

105 JedernureinKreuz the Conjurer (level 4, -1/24 HPs)
             Began as a Deep Elf Conjurer on Sept 7, 2018.
             Slain by a gnoll
             ... wielding a +0 halberd
              (14 damage)
             ... on level 3 of the Dungeon.
             The game lasted 00:10:45 (1785 turns).

JedernureinKreuz the Conjurer (Deep Elf Conjurer)   Turns: 1785, Time: 00:10:46

Health: -1/24      AC:  2    Str:  5    XL:     4   Next: 54%
Magic:  11/12      EV: 13    Int: 21    God:
Gold:   125        SH:  0    Dex: 15    Spells: 10/11 levels left

rFire    . . .     SeeInvis .   k - +2 whip (elec)
rCold    . . .     Gourm    .   (no shield)
rNeg     . . .     Faith    .   a - +0 robe
rPois    .         Spirit   .   (no helmet)
rElec    .         Reflect  .   (no cloak)
rCorr    .         Harm     .   (no gloves)
MR       .....                  (no boots)
Stlth    ++........             (no amulet)
HPRegen  0.08/turn              (no ring)
MPRegen  0.13/turn              (no ring)

@: no status effects
A: no striking features
a: no special abilities


You were on level 3 of the Dungeon.
You were hungry.

You visited 1 branch of the dungeon, and saw 3 of its levels.

You collected 125 gold pieces.

Inventory:

Hand Weapons
 b - a +0 dagger
 k - a +2 whip of electrocution (weapon)
Armour
 a - a +0 robe (worn)
Scrolls
 d - 2 scrolls of remove curse {unknown}
 e - 2 scrolls of fog {unknown}
 h - a scroll of blinking {unknown}
 i - a scroll of enchant armour {unknown}
 j - a scroll of teleportation {unknown}
 l - a scroll of identify {unknown}
Potions
 f - a potion of brilliance {unknown}
 g - a potion of berserk rage {unknown}
 m - a potion of haste {unknown}
Comestibles
 c - 3 rations


   Skills:
 + Level 0.5 Short Blades
 + Level 3.0 Dodging
 + Level 3.0 Stealth
 + Level 4.1 Spellcasting
 + Level 5.5 Conjurations


You had 10 spell levels left.
You knew the following spells:

 Your Spells              Type           Power        Failure   Level  Hunger
a - Magic Dart            Conj           ####         1%          1    None

Your spell library contained the following spells:

 Spells                   Type           Power        Failure   Level  Hunger
 Searing Ray              Conj           ####..       1%          2    #......
 Dazzling Spray           Conj/Hex       ###...       12%         3    ###....
 Iskenderun's Mystic Bla  Conj           ####....     12%         4    ####...
 Force Lance              Conj/Tloc      ###.....     36%         4    ####...
 Fulminant Prism          Conj/Hex       ###.......   36%         4    ####...


Dungeon Overview and Level Annotations

Branches:
Dungeon (3/15)

Altars:
Kikubaaqudgha


Message History

You can't go down here!
You climb upwards.
There is a stone staircase leading down here.
You start resting.
You are feeling hungry.
You can't go up here!
You climb downwards.
The gnoll hits you with a halberd! The giant cockroach closely misses you.
The gnoll hits you with a spear. The gnoll barely misses you.
There is a stone staircase leading up here.
Casting: Magic Dart (safe; 1% risk of failure)
Confirm with . or Enter, or press ? or * to list all spells.
Aiming: Magic Dart (safe; 1% risk of failure)
Press: ? - help, Shift-Dir - straight line, f - giant cockroach
Aim: a giant cockroach (clinging)
The magic dart hits the giant cockroach.
The giant cockroach barely misses you. The gnoll closely misses you.
The giant cockroach misses you. The gnoll hits you with a halberd!
Ouch! That really hurt!
You die...

#.# # #.##.##.#
#######)......#
#......)......#
#.......#.....#
#.....†.#.#..>#
#..............
#.......#.#.. .
#s@g....#.#
#.g........
###########. .#


You could see 2 gnolls and a giant cockroach.

Vanquished Creatures
  2 gnolls
  2 adders (D:2)
  4 worms (D:2)
  3 dart slugs
  2 leopard geckos (D:1)
  A ball python (D:2)
  2 giant cockroaches (D:1)
  6 goblins
  7 hobgoblins
  3 jackals (D:1)
  10 kobolds
  A bat (D:1)
  3 frilled lizards
  2 rats
48 creatures vanquished.

Notes
Turn   | Place    | Note
-------+----------+-------------------------------------------
     0 | D:1      | JedernureinKreuz the Deep Elf Conjurer began the quest for
                  | the Orb.
     0 | D:1      | Reached XP level 1. HP: 10/10 MP: 6/6
   241 | D:1      | Reached XP level 2. HP: 15/15 MP: 6/8
   260 | D:1      | Reached skill level 5 in Conjurations
   480 | D:1      | Reached XP level 3. HP: 7/19 MP: 0/9
  1288 | D:2      | Reached XP level 4. HP: 24/24 MP: 5/11
  1438 | D:2      | Found an ancient bone altar of Kikubaaqudgha.
  1597 | D:2      | Found an ancient bone altar of Kikubaaqudgha.
  1785 | D:3      | Slain by a gnoll

Skill      XL: |  1  2  3  4 |
---------------+-------------+-----
Conjurations   | 5 |  5.5
Spellcasting   | 4 |  4.1
Stealth        | 3 |  3.0
Dodging        | 3 |  3.0
Short Blades   | |  0.5

Action                   |  1- 3 |  4- 6 || total
-------------------------+-------+-------++-------
Melee: Dagger            |    14 |       ||    14
       Unarmed           |     1 |       ||     1
       Whip              |       |     2 ||     2
 Cast: Magic Dart        |    79 |    30 ||   109
  Eat: Chunk             |     1 |     1 ||     2
Armor: Robe              |     2 |       ||     2
Dodge: Dodged            |    22 |     6 ||    28
